Workbook

Sheet CAPA
I10: PLANILHA DE CONTROLE DE ESTOQUE
K14: Cadastros | L14: Entradas | M14: Saídas | N14: Controle de estoque | O14: Instruções

Sheet Instruções
B1: INSTRUÇÕES | R1: CAPA
B3: Abaixo, você encontra a explicação para todas as abas da planilha.
B4: Saiba mais sobre a importância do controle estoque
B6: ABAS: CADASTRO/ ENTRADAS/ SAÍDAS | C6: As cores das fontes dos valores nas tabelas dessas abas indicam que: (1) Células com fontes na cor PRETA devem ser preenchidas manualmente. (2) Células com fontes na cor AZUL são calculadas automaticamente por fórmulas, portanto NÃO devem ser editadas.
B8: CADASTRO PRODUTOS | C8: OBSERVAÇÃO 1 Esta aba faz parte do conjunto de 3 abas para cadastro de informações. Aqui, você pode cadastrar os dados referentes aos seus PRODUTOS. Esta tabela possui uma Validação de Dados que impede o cadastro de produtos duplicados. OBSERVAÇÃO 2 Para cadastrar um novo PRODUTO, basta preencher a primeira linha vazia logo abaixo da tabela. Ela está configurada de modo que toda a formatação da linha e fórmulas usadas sejam arrastadas automaticamente para a nova linha.
B10: CADASTRO FORNECEDORES | C10: OBSERVAÇÃO 1 Esta aba faz parte do conjunto de 3 abas para cadastro de informações. Aqui, você pode cadastrar os dados referentes aos seus FORNECEDORES. Esta tabela possui uma Validação de Dados que impede o cadastro de fornecedores duplicados. OBSERVAÇÃO 2 Para cadastrar um novo FORNECEDOR, basta preencher a primeira linha vazia logo abaixo da tabela. Ela está configurada de modo que toda a formatação da linha e fórmulas usadas sejam arrastadas automaticamente para a nova linha.
B13: ENTRADAS | C13: OBSERVAÇÃO 1 Nesta aba você irá registrar todas as ENTRADAS, ou seja, compras para recomposição de estoque. Para cadastrar uma nova ENTRADA de um produto, basta utilizar a Validação de Dados (lista de opções) que se encontra nas células da coluna de PRODUTO. Essa lista se atualiza automaticamente quando você cadastra um novo produto na aba de CADASTRO. OBSERVAÇÃO 2 Para registrar uma nova ENTRADA, basta preencher a primeira linha vazia logo abaixo da tabela. Ela está configurada de modo que toda a formatação da linha e fórmulas usadas sejam arrastadas automaticamente para a nova linha.
B15: SAÍDAS | C15: OBSERVAÇÃO 1 Nesta aba você irá registrar todas as SAÍDAS, ou seja, vendas de produtos. A coluna QUANTIDADE possui uma Validação de Dados que impede que seja registrada uma venda caso não tenha estoque no momento da venda. Obs: Fique atento na coluna de ESTOQUE ACUMULADO, pois a sua venda depende do seu saldo em estoque. Você pode verificar o status de cada produto na aba de CONTROLE DE ESTOQUE, explicada mais abaixo. OBSERVAÇÃO 2 Para cadastrar uma nova SAÍDA de um produto, basta utilizar a Validação de Dados (lista de opções) que se encontra nas células da coluna de PRODUTO. Essa lista se atualiza automaticamente quando você cadastra um novo produto na aba de CADASTRO. OBSERVAÇÃO 3 As colunas de Quantidade Devolvida e Data da Devolução devem ser preenchidas SOMENTE se houver devolução da venda. OBSERVAÇÃO 4 Para registrar uma nova ENTRADA, basta preencher a primeira linha vazia logo abaixo da tabela. Ela está configurada de modo que toda a formatação da linha e fórmulas usadas sejam arrastadas automaticamente para a nova linha.
B17: CONT. ESTOQUE | C17: OBSERVAÇÃO 1 Na aba CONTROLE DE ESTOQUE, a única coluna a ser preenchida manualmente é a de PRODUTO, sempre que um novo produto for adicionado à sua aba de CADASTRO DE PRODUTOS. OBSERVAÇÃO 2 Toda vez que um novo produto for adicionado na aba de CADASTRO DE PRODUTO, a célula F4 da aba CONTROLE DE ESTOQUE apontará que a tabela está defasada. Para corrigir isso, basta adicionar este produto recém-cadastrado também na tabela de CONTROLE DE ESTOQUE. O processo para adicionar um novo produto é o mesmo feito para as outras tabelas: preencher a última linha vazia logo abaixo da tabela. Obs: Preencher somente a coluna de PRODUTO já é suficiente para que todas as fórmulas das demais colunas sejam calculadas! Pronto! Seguindo esse passo a passo a mensagem na célula F4 vai mudar para "Sim!" e a tabela de Controle de Estoque estará 100% atualizada! OBSERVAÇÃO 3 Nesta tabela, você pode verificar a situação atual de estoque de cada um dos seus produtos. Os status possíveis são os seguintes: (a) Estoque Confortável: Você possui estoque suficiente para as vendas daquele produto. A linha daquele produto ficará verde. (b) Estoque Perigoso: Você ainda possui estoque, porém ele está abaixo do mínimo de segurança estabelecido. A linha daquele produto ficará pintada de amarelo. (c) Sem Estoque: Se o seu estoque zerar, esta mensagem aparece e a linha da tabela fica laranja.

Sheet PROD
B1: CADASTRO DE PRODUTOS | I1: Dúvidas?
B4: PRODUTOS | C4: FORNECEDORES | G4: Instruções
B6: ITEM | C6: CÓDIGO PRÓPRIO | D6: UNIDADE DE MEDIDA | E6: ESTOQUE MÍNIMO | F6: CUSTO UNITÁRIO | G6: PREÇO UNITÁRIO
B7: Blusa | C7: PA520 | D7: Unidade | E7: 10 | F7: =AVERAGEIF(ENTRADAS!$C$7:C300,$B7,ENTRADAS!$F$7:F300) -> 4 | G7: =VLOOKUP(PROD!$B7,ENTRADAS!$C$7:$H$300,5,0) -> 2 | H7: {=IFERROR(INDEX($B$3:$D$13,SMALL(IF($B$3:$B$13=$F$3,ROW($B$3:$B$13)-ROW($B$2)),ROW(1:1)),3),"")}
B8: Cachecol | D8: Unidade | E8: 2 | F8: =AVERAGEIF(ENTRADAS!$C$7:C301,$B8,ENTRADAS!$F$7:F301) -> 15 | G8: =VLOOKUP(PROD!$B8,ENTRADAS!$C$7:$H$300,5,0) -> 35
F9: =AVERAGEIF(ENTRADAS!$C$7:C302,$B9,ENTRADAS!$F$7:F302) -> #DIV/0! | G9: =VLOOKUP(PROD!$B9,ENTRADAS!$C$7:$H$300,5,0) -> #N/A
F10: =AVERAGEIF(ENTRADAS!$C$7:C303,$B10,ENTRADAS!$F$7:F303) -> #DIV/0! | G10: =VLOOKUP(PROD!$B10,ENTRADAS!$C$7:$H$300,5,0) -> #N/A
F11: =AVERAGEIF(ENTRADAS!$C$7:C304,$B11,ENTRADAS!$F$7:F304) -> #DIV/0! | G11: =VLOOKUP(PROD!$B11,ENTRADAS!$C$7:$H$300,5,0) -> #N/A
F12: =AVERAGEIF(ENTRADAS!$C$7:C305,$B12,ENTRADAS!$F$7:F305) -> #DIV/0! | G12: =VLOOKUP(PROD!$B12,ENTRADAS!$C$7:$H$300,5,0) -> #N/A
F13: =AVERAGEIF(ENTRADAS!$C$7:C306,$B13,ENTRADAS!$F$7:F306) -> #DIV/0! | G13: =VLOOKUP(PROD!$B13,ENTRADAS!$C$7:$H$300,5,0) -> #N/A
F14: =AVERAGEIF(ENTRADAS!$C$7:C307,$B14,ENTRADAS!$F$7:F307) -> #DIV/0! | G14: =VLOOKUP(PROD!$B14,ENTRADAS!$C$7:$H$300,5,0) -> #N/A
F15: =AVERAGEIF(ENTRADAS!$C$7:C308,$B15,ENTRADAS!$F$7:F308) -> #DIV/0! | G15: =VLOOKUP(PROD!$B15,ENTRADAS!$C$7:$H$300,5,0) -> #N/A
F16: =AVERAGEIF(ENTRADAS!$C$7:C309,$B16,ENTRADAS!$F$7:F309) -> #DIV/0! | G16: =VLOOKUP(PROD!$B16,ENTRADAS!$C$7:$H$300,5,0) -> #N/A
F17: =AVERAGEIF(ENTRADAS!$C$7:C310,$B17,ENTRADAS!$F$7:F310) -> #DIV/0! | G17: =VLOOKUP(PROD!$B17,ENTRADAS!$C$7:$H$300,5,0) -> #N/A
F18: =AVERAGEIF(ENTRADAS!$C$7:C311,$B18,ENTRADAS!$F$7:F311) -> #DIV/0! | G18: =VLOOKUP(PROD!$B18,ENTRADAS!$C$7:$H$300,5,0) -> #N/A
F19: =AVERAGEIF(ENTRADAS!$C$7:C312,$B19,ENTRADAS!$F$7:F312) -> #DIV/0! | G19: =VLOOKUP(PROD!$B19,ENTRADAS!$C$7:$H$300,5,0) -> #N/A
F20: =AVERAGEIF(ENTRADAS!$C$7:C313,$B20,ENTRADAS!$F$7:F313) -> #DIV/0! | G20: =VLOOKUP(PROD!$B20,ENTRADAS!$C$7:$H$300,5,0) -> #N/A
... F300: =AVERAGEIF(ENTRADAS!$C$7:C593,$B300,ENTRADAS!$F$7:F593) -> #DIV/0! | G300: =VLOOKUP(PROD!$B300,ENTRADAS!$C$7:$H$300,5,0) -> #N/A

Sheet FORN
B1: CADASTRO DE FORNECEDORES | G1: Dúvidas?
B4: PRODUTOS | C4: FORNECEDORES
B6: EMPRESA | C6: CONTATO | D6: E-MAIL | E6: ENDEREÇO | F6: TOTAL COMPRADO
B7: Fornecedor 1 | C7: (21) 95344-9193 | D7: fornecedor1@gmail.com | E7: Rua Fornecedor 1, Santa Maria -RS | F7: =SUMIF(ENTRADAS!D7:D300,B7,ENTRADAS!H7:H300) -> 200
B8: Fornecedor 2 | F8: =SUMIF(ENTRADAS!D8:D301,B8,ENTRADAS!H8:H301) -> 0
F9: =SUMIF(ENTRADAS!D9:D302,B9,ENTRADAS!H9:H302) -> 0
F10: =SUMIF(ENTRADAS!D10:D303,B10,ENTRADAS!H10:H303) -> 0
F11: =SUMIF(ENTRADAS!D11:D304,B11,ENTRADAS!H11:H304) -> 0
F12: =SUMIF(ENTRADAS!D12:D305,B12,ENTRADAS!H12:H305) -> 0
F13: =SUMIF(ENTRADAS!D13:D306,B13,ENTRADAS!H13:H306) -> 0
F14: =SUMIF(ENTRADAS!D14:D307,B14,ENTRADAS!H14:H307) -> 0
F15: =SUMIF(ENTRADAS!D15:D308,B15,ENTRADAS!H15:H308) -> 0
F16: =SUMIF(ENTRADAS!D16:D309,B16,ENTRADAS!H16:H309) -> 0
F17: =SUMIF(ENTRADAS!D17:D310,B17,ENTRADAS!H17:H310) -> 0
F18: =SUMIF(ENTRADAS!D18:D311,B18,ENTRADAS!H18:H311) -> 0
F19: =SUMIF(ENTRADAS!D19:D312,B19,ENTRADAS!H19:H312) -> 0
F20: =SUMIF(ENTRADAS!D20:D313,B20,ENTRADAS!H20:H313) -> 0
... F130: =SUMIF(ENTRADAS!D130:D423,B130,ENTRADAS!H130:H423) -> 0

Sheet ENTRADAS
B1: CONTROLE DE ENTRADAS | J1: Dúvidas?
B6: DATA DA COMPRA | C6: PRODUTO | D6: FORNECEDOR | E6: QUANTIDADE | F6: CUSTO UNITÁRIO | G6: PREÇO DE VENDA | H6: VALOR TOTAL DA COMPRA
B7: 43832 | C7: Blusa | D7: Fornecedor 1 | E7: 20 | F7: 4 | G7: 2 | H7: =F7*E7 -> 80
B8: 44988 | C8: Cachecol | D8: Fornecedor 1 | E8: 8 | F8: 15 | G8: 35 | H8: =F8*E8 -> 120
H9: =F9*E9 -> 0
H10: =F10*E10 -> 0
H11: =F11*E11 -> 0
H12: =F12*E12 -> 0
H13: =F13*E13 -> 0
H14: =F14*E14 -> 0
H15: =F15*E15 -> 0
H16: =F16*E16 -> 0
H17: =F17*E17 -> 0
H18: =F18*E18 -> 0
H19: =F19*E19 -> 0
H20: =F20*E20 -> 0
... H301: =F301*E301 -> 0

Sheet SAÍDAS
B1: CONTROLE DE SAÍDAS | K1: Dúvidas?
B6: DATA DA VENDA | C6: PRODUTO | D6: QUANTIDADE | E6: QUANT. DEVOLVIDA | F6: DATA DA DEVOLUÇÃO | G6: PREÇO UNITÁRIO | H6: QUANT. VENDIDA | I6: ESTOQUE ACUMULADO | J6: VALOR TOTAL DA VENDA
B7: 44197 | C7: Blusa | D7: 3 | G7: 2 | H7: ='SAÍDAS'!$D7-'SAÍDAS'!$E7 -> 3 | I7: =SUMIFS(ENTRADAS!$E$7:$E$1000,ENTRADAS!$B$7:$B$1000,"<=" & 'SAÍDAS'!$B7,ENTRADAS!$C$7:$C$1000,'SAÍDAS'!$C7)-SUMIFS('SAÍDAS'!$H$7:$H$300,'SAÍDAS'!$B$7:$B$300,"<=" & 'SAÍDAS'!$B7,'SAÍDAS'!$C$7:$C$300,'SAÍDAS'!$C7) -> 17 | J7: =G7*H7 -> 6
B8: 44198 | C8: Blusa | D8: 2 | G8: 2 | H8: ='SAÍDAS'!$D8-'SAÍDAS'!$E8 -> 2 | I8: =SUMIFS(ENTRADAS!$E$7:$E$1000,ENTRADAS!$B$7:$B$1000,"<=" & 'SAÍDAS'!$B8,ENTRADAS!$C$7:$C$1000,'SAÍDAS'!$C8)-SUMIFS('SAÍDAS'!$H$7:$H$300,'SAÍDAS'!$B$7:$B$300,"<=" & 'SAÍDAS'!$B8,'SAÍDAS'!$C$7:$C$300,'SAÍDAS'!$C8) -> 15 | J8: =G8*H8 -> 4
B9: 44202 | C9: Blusa | D9: 2 | E9: 1 | F9: 44203 | G9: 2 | H9: ='SAÍDAS'!$D9-'SAÍDAS'!$E9 -> 1 | I9: =SUMIFS(ENTRADAS!$E$7:$E$1000,ENTRADAS!$B$7:$B$1000,"<=" & 'SAÍDAS'!$B9,ENTRADAS!$C$7:$C$1000,'SAÍDAS'!$C9)-SUMIFS('SAÍDAS'!$H$7:$H$300,'SAÍDAS'!$B$7:$B$300,"<=" & 'SAÍDAS'!$B9,'SAÍDAS'!$C$7:$C$300,'SAÍDAS'!$C9) -> 14 | J9: =G9*H9 -> 2
B10: 44989 | C10: Cachecol | D10: 1 | E10: 0 | G10: 35 | H10: ='SAÍDAS'!$D10-'SAÍDAS'!$E10 -> 1 | I10: =SUMIFS(ENTRADAS!$E$7:$E$1000,ENTRADAS!$B$7:$B$1000,"<=" & 'SAÍDAS'!$B10,ENTRADAS!$C$7:$C$1000,'SAÍDAS'!$C10)-SUMIFS('SAÍDAS'!$H$7:$H$300,'SAÍDAS'!$B$7:$B$300,"<=" & 'SAÍDAS'!$B10,'SAÍDAS'!$C$7:$C$300,'SAÍDAS'!$C10) -> 7 | J10: =G10*H10 -> 35
H11: ='SAÍDAS'!$D11-'SAÍDAS'!$E11 -> 0 | I11: =SUMIFS(ENTRADAS!$E$7:$E$1000,ENTRADAS!$B$7:$B$1000,"<=" & 'SAÍDAS'!$B11,ENTRADAS!$C$7:$C$1000,'SAÍDAS'!$C11)-SUMIFS('SAÍDAS'!$H$7:$H$300,'SAÍDAS'!$B$7:$B$300,"<=" & 'SAÍDAS'!$B11,'SAÍDAS'!$C$7:$C$300,'SAÍDAS'!$C11) -> 0 | J11: =G11*H11 -> 0
H12: ='SAÍDAS'!$D12-'SAÍDAS'!$E12 -> 0 | I12: =SUMIFS(ENTRADAS!$E$7:$E$1000,ENTRADAS!$B$7:$B$1000,"<=" & 'SAÍDAS'!$B12,ENTRADAS!$C$7:$C$1000,'SAÍDAS'!$C12)-SUMIFS('SAÍDAS'!$H$7:$H$300,'SAÍDAS'!$B$7:$B$300,"<=" & 'SAÍDAS'!$B12,'SAÍDAS'!$C$7:$C$300,'SAÍDAS'!$C12) -> 0 | J12: =G12*H12 -> 0
H13: ='SAÍDAS'!$D13-'SAÍDAS'!$E13 -> 0 | I13: =SUMIFS(ENTRADAS!$E$7:$E$1000,ENTRADAS!$B$7:$B$1000,"<=" & 'SAÍDAS'!$B13,ENTRADAS!$C$7:$C$1000,'SAÍDAS'!$C13)-SUMIFS('SAÍDAS'!$H$7:$H$300,'SAÍDAS'!$B$7:$B$300,"<=" & 'SAÍDAS'!$B13,'SAÍDAS'!$C$7:$C$300,'SAÍDAS'!$C13) -> 0 | J13: =G13*H13 -> 0
H14: ='SAÍDAS'!$D14-'SAÍDAS'!$E14 -> 0 | I14: =SUMIFS(ENTRADAS!$E$7:$E$1000,ENTRADAS!$B$7:$B$1000,"<=" & 'SAÍDAS'!$B14,ENTRADAS!$C$7:$C$1000,'SAÍDAS'!$C14)-SUMIFS('SAÍDAS'!$H$7:$H$300,'SAÍDAS'!$B$7:$B$300,"<=" & 'SAÍDAS'!$B14,'SAÍDAS'!$C$7:$C$300,'SAÍDAS'!$C14) -> 0 | J14: =G14*H14 -> 0
H15: ='SAÍDAS'!$D15-'SAÍDAS'!$E15 -> 0 | I15: =SUMIFS(ENTRADAS!$E$7:$E$1000,ENTRADAS!$B$7:$B$1000,"<=" & 'SAÍDAS'!$B15,ENTRADAS!$C$7:$C$1000,'SAÍDAS'!$C15)-SUMIFS('SAÍDAS'!$H$7:$H$300,'SAÍDAS'!$B$7:$B$300,"<=" & 'SAÍDAS'!$B15,'SAÍDAS'!$C$7:$C$300,'SAÍDAS'!$C15) -> 0 | J15: =G15*H15 -> 0
H16: ='SAÍDAS'!$D16-'SAÍDAS'!$E16 -> 0 | I16: =SUMIFS(ENTRADAS!$E$7:$E$1000,ENTRADAS!$B$7:$B$1000,"<=" & 'SAÍDAS'!$B16,ENTRADAS!$C$7:$C$1000,'SAÍDAS'!$C16)-SUMIFS('SAÍDAS'!$H$7:$H$300,'SAÍDAS'!$B$7:$B$300,"<=" & 'SAÍDAS'!$B16,'SAÍDAS'!$C$7:$C$300,'SAÍDAS'!$C16) -> 0 | J16: =G16*H16 -> 0
H17: ='SAÍDAS'!$D17-'SAÍDAS'!$E17 -> 0 | I17: =SUMIFS(ENTRADAS!$E$7:$E$1000,ENTRADAS!$B$7:$B$1000,"<=" & 'SAÍDAS'!$B17,ENTRADAS!$C$7:$C$1000,'SAÍDAS'!$C17)-SUMIFS('SAÍDAS'!$H$7:$H$300,'SAÍDAS'!$B$7:$B$300,"<=" & 'SAÍDAS'!$B17,'SAÍDAS'!$C$7:$C$300,'SAÍDAS'!$C17) -> 0 | J17: =G17*H17 -> 0
H18: ='SAÍDAS'!$D18-'SAÍDAS'!$E18 -> 0 | I18: =SUMIFS(ENTRADAS!$E$7:$E$1000,ENTRADAS!$B$7:$B$1000,"<=" & 'SAÍDAS'!$B18,ENTRADAS!$C$7:$C$1000,'SAÍDAS'!$C18)-SUMIFS('SAÍDAS'!$H$7:$H$300,'SAÍDAS'!$B$7:$B$300,"<=" & 'SAÍDAS'!$B18,'SAÍDAS'!$C$7:$C$300,'SAÍDAS'!$C18) -> 0 | J18: =G18*H18 -> 0
H19: ='SAÍDAS'!$D19-'SAÍDAS'!$E19 -> 0 | I19: =SUMIFS(ENTRADAS!$E$7:$E$1000,ENTRADAS!$B$7:$B$1000,"<=" & 'SAÍDAS'!$B19,ENTRADAS!$C$7:$C$1000,'SAÍDAS'!$C19)-SUMIFS('SAÍDAS'!$H$7:$H$300,'SAÍDAS'!$B$7:$B$300,"<=" & 'SAÍDAS'!$B19,'SAÍDAS'!$C$7:$C$300,'SAÍDAS'!$C19) -> 0 | J19: =G19*H19 -> 0
H20: ='SAÍDAS'!$D20-'SAÍDAS'!$E20 -> 0 | I20: =SUMIFS(ENTRADAS!$E$7:$E$1000,ENTRADAS!$B$7:$B$1000,"<=" & 'SAÍDAS'!$B20,ENTRADAS!$C$7:$C$1000,'SAÍDAS'!$C20)-SUMIFS('SAÍDAS'!$H$7:$H$300,'SAÍDAS'!$B$7:$B$300,"<=" & 'SAÍDAS'!$B20,'SAÍDAS'!$C$7:$C$300,'SAÍDAS'!$C20) -> 0 | J20: =G20*H20 -> 0
H21: ='SAÍDAS'!$D21-'SAÍDAS'!$E21 -> 0 | I21: =SUMIFS(ENTRADAS!$E$7:$E$1000,ENTRADAS!$B$7:$B$1000,"<=" & 'SAÍDAS'!$B21,ENTRADAS!$C$7:$C$1000,'SAÍDAS'!$C21)-SUMIFS('SAÍDAS'!$H$7:$H$300,'SAÍDAS'!$B$7:$B$300,"<=" & 'SAÍDAS'!$B21,'SAÍDAS'!$C$7:$C$300,'SAÍDAS'!$C21) -> 0 | J21: =G21*H21 -> 0
H22: ='SAÍDAS'!$D22-'SAÍDAS'!$E22 -> 0 | I22: =SUMIFS(ENTRADAS!$E$7:$E$1000,ENTRADAS!$B$7:$B$1000,"<=" & 'SAÍDAS'!$B22,ENTRADAS!$C$7:$C$1000,'SAÍDAS'!$C22)-SUMIFS('SAÍDAS'!$H$7:$H$300,'SAÍDAS'!$B$7:$B$300,"<=" & 'SAÍDAS'!$B22,'SAÍDAS'!$C$7:$C$300,'SAÍDAS'!$C22) -> 0 | J22: =G22*H22 -> 0
... H330: ='SAÍDAS'!$D330-'SAÍDAS'!$E330 -> 0 | I330: =SUMIFS(ENTRADAS!$E$7:$E$1000,ENTRADAS!$B$7:$B$1000,"<=" & 'SAÍDAS'!$B330,ENTRADAS!$C$7:$C$1000,'SAÍDAS'!$C330)-SUMIFS('SAÍDAS'!$H$7:$H$300,'SAÍDAS'!$B$7:$B$300,"<=" & 'SAÍDAS'!$B330,'SAÍDAS'!$C$7:$C$300,'SAÍDAS'!$C330) -> 0 | J330: =G330*H330 -> 0

Sheet CONT. ESTOQUE
B1: CONTROLE DE ESTOQUE | L1: Dúvidas?
B4: Check automático: A tabela de Controle de Estoque está completa? | F4: =IF(COUNTA('CONT. ESTOQUE'!$B$7:$B$17)=COUNTA(PROD!$B$7:$B$17),"Sim!","Não! Tabela de Controle de Estoque defasada, acrescentar produto faltante.") -> Sim!
B6: PRODUTOS | C6: ENTRADAS | D6: SAÍDAS | E6: SALDO | F6: ESTOQUE MÍNIMO | G6: STATUS | H6: RECEITA TOTAL | I6: CUSTO TOTAL | J6: LUCRO/PREJUÍZO TOTAL
B7: =PROD!B7 -> Blusa | C7: =IF('CONT. ESTOQUE'!$B7<>"",SUMIF(ENTRADAS!$C$7:$C$1000,'CONT. ESTOQUE'!$B7,ENTRADAS!$E$7:$E$1000),"") -> 20 | D7: =IF('CONT. ESTOQUE'!$B7<>"",SUMIF('SAÍDAS'!$C$7:$C$300,'CONT. ESTOQUE'!$B7,'SAÍDAS'!$H$7:$H$300),"") -> 6 | E7: =IFERROR('CONT. ESTOQUE'!$C7-'CONT. ESTOQUE'!$D7,"") -> 14 | F7: =IFERROR(VLOOKUP('CONT. ESTOQUE'!$B7,PROD!$B$6:$G$1000,4,0),"") -> 10 | G7: =IF('CONT. ESTOQUE'!$B7<>"",IF('CONT. ESTOQUE'!$E7=0,"Sem Estoque",IF('CONT. ESTOQUE'!$E7<'CONT. ESTOQUE'!$F7,"Estoque Perigoso","Estoque Confortável")),"") -> Estoque Confortável | H7: =SUMIF('SAÍDAS'!$C$7:$C$300,'CONT. ESTOQUE'!$B7,'SAÍDAS'!$J$7:$J$300) -> 12 | I7: =SUMIF(ENTRADAS!$C$8:$C$1000,'CONT. ESTOQUE'!$B7,ENTRADAS!$H$7:$H$1000) -> 0 | J7: ='CONT. ESTOQUE'!$H7-'CONT. ESTOQUE'!$I7 -> 12
B8: =PROD!B8 -> Cachecol | C8: =IF('CONT. ESTOQUE'!$B8<>"",SUMIF(ENTRADAS!$C$7:$C$1000,'CONT. ESTOQUE'!$B8,ENTRADAS!$E$7:$E$1000),"") -> 8 | D8: =IF('CONT. ESTOQUE'!$B8<>"",SUMIF('SAÍDAS'!$C$7:$C$300,'CONT. ESTOQUE'!$B8,'SAÍDAS'!$H$7:$H$300),"") -> 1 | E8: =IFERROR('CONT. ESTOQUE'!$C8-'CONT. ESTOQUE'!$D8,"") -> 7 | F8: =IFERROR(VLOOKUP('CONT. ESTOQUE'!$B8,PROD!$B$6:$G$1000,4,0),"") -> 2 | G8: =IF('CONT. ESTOQUE'!$B8<>"",IF('CONT. ESTOQUE'!$E8=0,"Sem Estoque",IF('CONT. ESTOQUE'!$E8<'CONT. ESTOQUE'!$F8,"Estoque Perigoso","Estoque Confortável")),"") -> Estoque Confortável | H8: =SUMIF('SAÍDAS'!$C$7:$C$300,'CONT. ESTOQUE'!$B8,'SAÍDAS'!$J$7:$J$300) -> 35 | I8: =SUMIF(ENTRADAS!$C$8:$C$1000,'CONT. ESTOQUE'!$B8,ENTRADAS!$H$7:$H$1000) -> 80 | J8: ='CONT. ESTOQUE'!$H8-'CONT. ESTOQUE'!$I8 -> -45
B9: =PROD!B9 | C9: =IF('CONT. ESTOQUE'!$B9<>"",SUMIF(ENTRADAS!$C$7:$C$1000,'CONT. ESTOQUE'!$B9,ENTRADAS!$E$7:$E$1000),"") | D9: =IF('CONT. ESTOQUE'!$B9<>"",SUMIF('SAÍDAS'!$C$7:$C$300,'CONT. ESTOQUE'!$B9,'SAÍDAS'!$H$7:$H$300),"") | E9: =IFERROR('CONT. ESTOQUE'!$C9-'CONT. ESTOQUE'!$D9,"") -> 0 | F9: =IFERROR(VLOOKUP('CONT. ESTOQUE'!$B9,PROD!$B$6:$G$1000,4,0),"") | G9: =IF('CONT. ESTOQUE'!$B9<>"",IF('CONT. ESTOQUE'!$E9=0,"Sem Estoque",IF('CONT. ESTOQUE'!$E9<'CONT. ESTOQUE'!$F9,"Estoque Perigoso","Estoque Confortável")),"") | H9: =SUMIF('SAÍDAS'!$C$7:$C$300,'CONT. ESTOQUE'!$B9,'SAÍDAS'!$J$7:$J$300) -> 0 | I9: =SUMIF(ENTRADAS!$C$8:$C$1000,'CONT. ESTOQUE'!$B9,ENTRADAS!$H$7:$H$1000) -> 0 | J9: ='CONT. ESTOQUE'!$H9-'CONT. ESTOQUE'!$I9 -> 0
B10: =PROD!B10 | C10: =IF('CONT. ESTOQUE'!$B10<>"",SUMIF(ENTRADAS!$C$7:$C$1000,'CONT. ESTOQUE'!$B10,ENTRADAS!$E$7:$E$1000),"") | D10: =IF('CONT. ESTOQUE'!$B10<>"",SUMIF('SAÍDAS'!$C$7:$C$300,'CONT. ESTOQUE'!$B10,'SAÍDAS'!$H$7:$H$300),"") | E10: =IFERROR('CONT. ESTOQUE'!$C10-'CONT. ESTOQUE'!$D10,"") -> 0 | F10: =IFERROR(VLOOKUP('CONT. ESTOQUE'!$B10,PROD!$B$6:$G$1000,4,0),"") | G10: =IF('CONT. ESTOQUE'!$B10<>"",IF('CONT. ESTOQUE'!$E10=0,"Sem Estoque",IF('CONT. ESTOQUE'!$E10<'CONT. ESTOQUE'!$F10,"Estoque Perigoso","Estoque Confortável")),"") | H10: =SUMIF('SAÍDAS'!$C$7:$C$300,'CONT. ESTOQUE'!$B10,'SAÍDAS'!$J$7:$J$300) -> 0 | I10: =SUMIF(ENTRADAS!$C$8:$C$1000,'CONT. ESTOQUE'!$B10,ENTRADAS!$H$7:$H$1000) -> 0 | J10: ='CONT. ESTOQUE'!$H10-'CONT. ESTOQUE'!$I10 -> 0
B11: =PROD!B11 | C11: =IF('CONT. ESTOQUE'!$B11<>"",SUMIF(ENTRADAS!$C$7:$C$1000,'CONT. ESTOQUE'!$B11,ENTRADAS!$E$7:$E$1000),"") | D11: =IF('CONT. ESTOQUE'!$B11<>"",SUMIF('SAÍDAS'!$C$7:$C$300,'CONT. ESTOQUE'!$B11,'SAÍDAS'!$H$7:$H$300),"") | E11: =IFERROR('CONT. ESTOQUE'!$C11-'CONT. ESTOQUE'!$D11,"") -> 0 | F11: =IFERROR(VLOOKUP('CONT. ESTOQUE'!$B11,PROD!$B$6:$G$1000,4,0),"") | G11: =IF('CONT. ESTOQUE'!$B11<>"",IF('CONT. ESTOQUE'!$E11=0,"Sem Estoque",IF('CONT. ESTOQUE'!$E11<'CONT. ESTOQUE'!$F11,"Estoque Perigoso","Estoque Confortável")),"") | H11: =SUMIF('SAÍDAS'!$C$7:$C$300,'CONT. ESTOQUE'!$B11,'SAÍDAS'!$J$7:$J$300) -> 0 | I11: =SUMIF(ENTRADAS!$C$8:$C$1000,'CONT. ESTOQUE'!$B11,ENTRADAS!$H$7:$H$1000) -> 0 | J11: ='CONT. ESTOQUE'!$H11-'CONT. ESTOQUE'!$I11 -> 0
B12: =PROD!B12 | C12: =IF('CONT. ESTOQUE'!$B12<>"",SUMIF(ENTRADAS!$C$7:$C$1000,'CONT. ESTOQUE'!$B12,ENTRADAS!$E$7:$E$1000),"") | D12: =IF('CONT. ESTOQUE'!$B12<>"",SUMIF('SAÍDAS'!$C$7:$C$300,'CONT. ESTOQUE'!$B12,'SAÍDAS'!$H$7:$H$300),"") | E12: =IFERROR('CONT. ESTOQUE'!$C12-'CONT. ESTOQUE'!$D12,"") -> 0 | F12: =IFERROR(VLOOKUP('CONT. ESTOQUE'!$B12,PROD!$B$6:$G$1000,4,0),"") | G12: =IF('CONT. ESTOQUE'!$B12<>"",IF('CONT. ESTOQUE'!$E12=0,"Sem Estoque",IF('CONT. ESTOQUE'!$E12<'CONT. ESTOQUE'!$F12,"Estoque Perigoso","Estoque Confortável")),"") | H12: =SUMIF('SAÍDAS'!$C$7:$C$300,'CONT. ESTOQUE'!$B12,'SAÍDAS'!$J$7:$J$300) -> 0 | I12: =SUMIF(ENTRADAS!$C$8:$C$1000,'CONT. ESTOQUE'!$B12,ENTRADAS!$H$7:$H$1000) -> 0 | J12: ='CONT. ESTOQUE'!$H12-'CONT. ESTOQUE'!$I12 -> 0
B13: =PROD!B13 | C13: =IF('CONT. ESTOQUE'!$B13<>"",SUMIF(ENTRADAS!$C$7:$C$1000,'CONT. ESTOQUE'!$B13,ENTRADAS!$E$7:$E$1000),"") | D13: =IF('CONT. ESTOQUE'!$B13<>"",SUMIF('SAÍDAS'!$C$7:$C$300,'CONT. ESTOQUE'!$B13,'SAÍDAS'!$H$7:$H$300),"") | E13: =IFERROR('CONT. ESTOQUE'!$C13-'CONT. ESTOQUE'!$D13,"") -> 0 | F13: =IFERROR(VLOOKUP('CONT. ESTOQUE'!$B13,PROD!$B$6:$G$1000,4,0),"") | G13: =IF('CONT. ESTOQUE'!$B13<>"",IF('CONT. ESTOQUE'!$E13=0,"Sem Estoque",IF('CONT. ESTOQUE'!$E13<'CONT. ESTOQUE'!$F13,"Estoque Perigoso","Estoque Confortável")),"") | H13: =SUMIF('SAÍDAS'!$C$7:$C$300,'CONT. ESTOQUE'!$B13,'SAÍDAS'!$J$7:$J$300) -> 0 | I13: =SUMIF(ENTRADAS!$C$8:$C$1000,'CONT. ESTOQUE'!$B13,ENTRADAS!$H$7:$H$1000) -> 0 | J13: ='CONT. ESTOQUE'!$H13-'CONT. ESTOQUE'!$I13 -> 0
B14: =PROD!B14 | C14: =IF('CONT. ESTOQUE'!$B14<>"",SUMIF(ENTRADAS!$C$7:$C$1000,'CONT. ESTOQUE'!$B14,ENTRADAS!$E$7:$E$1000),"") | D14: =IF('CONT. ESTOQUE'!$B14<>"",SUMIF('SAÍDAS'!$C$7:$C$300,'CONT. ESTOQUE'!$B14,'SAÍDAS'!$H$7:$H$300),"") | E14: =IFERROR('CONT. ESTOQUE'!$C14-'CONT. ESTOQUE'!$D14,"") -> 0 | F14: =IFERROR(VLOOKUP('CONT. ESTOQUE'!$B14,PROD!$B$6:$G$1000,4,0),"") | G14: =IF('CONT. ESTOQUE'!$B14<>"",IF('CONT. ESTOQUE'!$E14=0,"Sem Estoque",IF('CONT. ESTOQUE'!$E14<'CONT. ESTOQUE'!$F14,"Estoque Perigoso","Estoque Confortável")),"") | H14: =SUMIF('SAÍDAS'!$C$7:$C$300,'CONT. ESTOQUE'!$B14,'SAÍDAS'!$J$7:$J$300) -> 0 | I14: =SUMIF(ENTRADAS!$C$8:$C$1000,'CONT. ESTOQUE'!$B14,ENTRADAS!$H$7:$H$1000) -> 0 | J14: ='CONT. ESTOQUE'!$H14-'CONT. ESTOQUE'!$I14 -> 0
B15: =PROD!B15 | C15: =IF('CONT. ESTOQUE'!$B15<>"",SUMIF(ENTRADAS!$C$7:$C$1000,'CONT. ESTOQUE'!$B15,ENTRADAS!$E$7:$E$1000),"") | D15: =IF('CONT. ESTOQUE'!$B15<>"",SUMIF('SAÍDAS'!$C$7:$C$300,'CONT. ESTOQUE'!$B15,'SAÍDAS'!$H$7:$H$300),"") | E15: =IFERROR('CONT. ESTOQUE'!$C15-'CONT. ESTOQUE'!$D15,"") -> 0 | F15: =IFERROR(VLOOKUP('CONT. ESTOQUE'!$B15,PROD!$B$6:$G$1000,4,0),"") | G15: =IF('CONT. ESTOQUE'!$B15<>"",IF('CONT. ESTOQUE'!$E15=0,"Sem Estoque",IF('CONT. ESTOQUE'!$E15<'CONT. ESTOQUE'!$F15,"Estoque Perigoso","Estoque Confortável")),"") | H15: =SUMIF('SAÍDAS'!$C$7:$C$300,'CONT. ESTOQUE'!$B15,'SAÍDAS'!$J$7:$J$300) -> 0 | I15: =SUMIF(ENTRADAS!$C$8:$C$1000,'CONT. ESTOQUE'!$B15,ENTRADAS!$H$7:$H$1000) -> 0 | J15: ='CONT. ESTOQUE'!$H15-'CONT. ESTOQUE'!$I15 -> 0
B16: =PROD!B16 | C16: =IF('CONT. ESTOQUE'!$B16<>"",SUMIF(ENTRADAS!$C$7:$C$1000,'CONT. ESTOQUE'!$B16,ENTRADAS!$E$7:$E$1000),"") | D16: =IF('CONT. ESTOQUE'!$B16<>"",SUMIF('SAÍDAS'!$C$7:$C$300,'CONT. ESTOQUE'!$B16,'SAÍDAS'!$H$7:$H$300),"") | E16: =IFERROR('CONT. ESTOQUE'!$C16-'CONT. ESTOQUE'!$D16,"") -> 0 | F16: =IFERROR(VLOOKUP('CONT. ESTOQUE'!$B16,PROD!$B$6:$G$1000,4,0),"") | G16: =IF('CONT. ESTOQUE'!$B16<>"",IF('CONT. ESTOQUE'!$E16=0,"Sem Estoque",IF('CONT. ESTOQUE'!$E16<'CONT. ESTOQUE'!$F16,"Estoque Perigoso","Estoque Confortável")),"") | H16: =SUMIF('SAÍDAS'!$C$7:$C$300,'CONT. ESTOQUE'!$B16,'SAÍDAS'!$J$7:$J$300) -> 0 | I16: =SUMIF(ENTRADAS!$C$8:$C$1000,'CONT. ESTOQUE'!$B16,ENTRADAS!$H$7:$H$1000) -> 0 | J16: ='CONT. ESTOQUE'!$H16-'CONT. ESTOQUE'!$I16 -> 0
B17: =PROD!B17 | C17: =IF('CONT. ESTOQUE'!$B17<>"",SUMIF(ENTRADAS!$C$7:$C$1000,'CONT. ESTOQUE'!$B17,ENTRADAS!$E$7:$E$1000),"") | D17: =IF('CONT. ESTOQUE'!$B17<>"",SUMIF('SAÍDAS'!$C$7:$C$300,'CONT. ESTOQUE'!$B17,'SAÍDAS'!$H$7:$H$300),"") | E17: =IFERROR('CONT. ESTOQUE'!$C17-'CONT. ESTOQUE'!$D17,"") -> 0 | F17: =IFERROR(VLOOKUP('CONT. ESTOQUE'!$B17,PROD!$B$6:$G$1000,4,0),"") | G17: =IF('CONT. ESTOQUE'!$B17<>"",IF('CONT. ESTOQUE'!$E17=0,"Sem Estoque",IF('CONT. ESTOQUE'!$E17<'CONT. ESTOQUE'!$F17,"Estoque Perigoso","Estoque Confortável")),"") | H17: =SUMIF('SAÍDAS'!$C$7:$C$300,'CONT. ESTOQUE'!$B17,'SAÍDAS'!$J$7:$J$300) -> 0 | I17: =SUMIF(ENTRADAS!$C$8:$C$1000,'CONT. ESTOQUE'!$B17,ENTRADAS!$H$7:$H$1000) -> 0 | J17: ='CONT. ESTOQUE'!$H17-'CONT. ESTOQUE'!$I17 -> 0
B18: =PROD!B18 | C18: =IF('CONT. ESTOQUE'!$B18<>"",SUMIF(ENTRADAS!$C$7:$C$1000,'CONT. ESTOQUE'!$B18,ENTRADAS!$E$7:$E$1000),"") | D18: =IF('CONT. ESTOQUE'!$B18<>"",SUMIF('SAÍDAS'!$C$7:$C$300,'CONT. ESTOQUE'!$B18,'SAÍDAS'!$H$7:$H$300),"") | E18: =IFERROR('CONT. ESTOQUE'!$C18-'CONT. ESTOQUE'!$D18,"") -> 0 | F18: =IFERROR(VLOOKUP('CONT. ESTOQUE'!$B18,PROD!$B$6:$G$1000,4,0),"") | G18: =IF('CONT. ESTOQUE'!$B18<>"",IF('CONT. ESTOQUE'!$E18=0,"Sem Estoque",IF('CONT. ESTOQUE'!$E18<'CONT. ESTOQUE'!$F18,"Estoque Perigoso","Estoque Confortável")),"") | H18: =SUMIF('SAÍDAS'!$C$7:$C$300,'CONT. ESTOQUE'!$B18,'SAÍDAS'!$J$7:$J$300) -> 0 | I18: =SUMIF(ENTRADAS!$C$8:$C$1000,'CONT. ESTOQUE'!$B18,ENTRADAS!$H$7:$H$1000) -> 0 | J18: ='CONT. ESTOQUE'!$H18-'CONT. ESTOQUE'!$I18 -> 0
... B400: =PROD!B400 | C400: =IF('CONT. ESTOQUE'!$B400<>"",SUMIF(ENTRADAS!$C$7:$C$1000,'CONT. ESTOQUE'!$B400,ENTRADAS!$E$7:$E$1000),"") | D400: =IF('CONT. ESTOQUE'!$B400<>"",SUMIF('SAÍDAS'!$C$7:$C$300,'CONT. ESTOQUE'!$B400,'SAÍDAS'!$H$7:$H$300),"") | E400: =IFERROR('CONT. ESTOQUE'!$C400-'CONT. ESTOQUE'!$D400,"") -> 0 | F400: =IFERROR(VLOOKUP('CONT. ESTOQUE'!$B400,PROD!$B$6:$G$1000,4,0),"") | G400: =IF('CONT. ESTOQUE'!$B400<>"",IF('CONT. ESTOQUE'!$E400=0,"Sem Estoque",IF('CONT. ESTOQUE'!$E400<'CONT. ESTOQUE'!$F400,"Estoque Perigoso","Estoque Confortável")),"") | H400: =SUMIF('SAÍDAS'!$C$7:$C$300,'CONT. ESTOQUE'!$B400,'SAÍDAS'!$J$7:$J$300) -> 0 | I400: =SUMIF(ENTRADAS!$C$8:$C$1000,'CONT. ESTOQUE'!$B400,ENTRADAS!$H$7:$H$1000) -> 0 | J400: ='CONT. ESTOQUE'!$H400-'CONT. ESTOQUE'!$I400 -> 0
